 Dungeon Crawl Stone Soup version 0.22-a0-617-g6d95e9e505 (webtiles) character file.

369 JooJoo the Covered (level 6, -8/55 HPs)
             Began as a Minotaur Fighter on July 12, 2018.
             Killed from afar by Blork the orc (18 damage)
             ... with a puff of flame
             ... on level 4 of the Dungeon.
             The game lasted 00:31:27 (3647 turns).

JooJoo the Covered (Minotaur Fighter)               Turns: 3647, Time: 00:31:27

Health: -8/55      AC:  9    Str: 22    XL:     6   Next: 41%
Magic:  5/5        EV:  6    Int:  5    God:
Gold:   70         SH: 15    Dex: 10    Spells: 5/5 levels left

rFire    x . .     SeeInvis .   z - +0 scimitar
rCold    + . .     Gourm    .   y - +0 large shield
rNeg     . . .     Faith    .   b - +0 scale mail
rPois    .         Spirit   .   k - +2 hat
rElec    .         Reflect  .   (no cloak)
rCorr    .         Harm     .   (no gloves)
MR       .....                  (no boots)
Stlth    ..........             (no amulet)
HPRegen  0.18/turn              p - ring of ice (curse)
MPRegen  0.09/turn              (no ring)

@: no status effects
A: retaliatory headbutt, horns 2
a: no special abilities


You were on level 4 of the Dungeon.
You were not hungry.

You visited 1 branch of the dungeon, and saw 4 of its levels.

You collected 70 gold pieces.

Inventory:

Hand Weapons
 a - a +0 war axe
 g - a +0 dagger of speed
 m - a +0 club
 t - a +0 spear
 z - a +0 scimitar (weapon)
Missiles
 e - 75 sling bullets
 j - 70 stones (quivered)
 o - 14 bolts
 s - 16 poisoned needles
 v - 25 arrows
Armour
 b - a +0 scale mail (worn)
 c - a +0 shield
 k - a +2 hat (worn)
 y - a +0 large shield (worn)
Jewellery
 p - a cursed ring of ice (left hand)
Wands
 x - a wand of acid (10)
Scrolls
 h - 2 scrolls of enchant armour {unknown}
 i - 3 scrolls of magic mapping {unknown}
 n - 4 scrolls of identify {unknown}
 q - a scroll of noise {unknown}
 u - a scroll of teleportation {unknown}
Potions
 d - 2 potions of might
 l - a potion of flight {unknown}
 r - a potion of heal wounds {unknown}
 w - a potion of agility {unknown}
 B - a potion of mutation {unknown}
Comestibles
 f - 8 rations
 A - a chunk of flesh


   Skills:
 + Level 4.9 Fighting
 + Level 0.9(1.2) Short Blades
 + Level 1.1(1.4) Long Blades
 + Level 3.8(3.9) Axes
 + Level 1.0(2.5) Polearms
 + Level 0.7 Throwing
 + Level 5.2 Armour
 + Level 2.0 Dodging
 + Level 5.2 Shields


You had 5 spell levels left.
You didn't know any spells.
Your spell library was empty.

Dungeon Overview and Level Annotations

Branches:
Dungeon (4/15)
 Temple: D:4-7

Altars:
Dithmenos
Uskayaw
Xom

Annotations:
D:4 Blork the orc


Innate Abilities, Weirdness & Mutations

You reflexively headbutt those who attack you in melee.
You have a pair of horns on your head.


Message History

Blork the orc shouts!
Your headbutt misses the orc.
The orc wizard hits you but does no damage.
You block the orc's attack. The orc closely misses you.
You furiously retaliate!
You headbutt the orc.
You riposte.
Your shield prevents you from hitting the orc.
Your headbutt misses the orc.
The orc is almost dead.
You closely miss the orc wizard.
The orc wizard is almost dead.
The orc wizard gestures at you while chanting.
You block the puff of flame. The orc barely misses you.
You furiously retaliate!
You headbutt the orc. You block the orc wizard's attack.
The orc barely misses you. The orc hits you.
* * * LOW HITPOINT WARNING * * *
The orc completely misses you.
You riposte.
You slash the orc!
You kill the orc!
Blork the orc gestures at you while chanting.
The puff of flame hits you! The fire burns you terribly!
You die...

.... .. ... #.## # #...
... .####..##..####
########... ............
.......... ........##.
......########.#........
............##.#@o../...
......#####..#.)oo......
......#..(#..#..(.......
......#..(#..o..((......
......#####.######.#.#..
)...........# ......
........_...# (.##..
...........## ((. ..
......##...# ##


You could see Blork the orc, an orc wizard and 2 orcs.

Vanquished Creatures
  Sigmund (D:2)
  An orc priest (D:4)
  Jessica (D:2)
  A worker ant (D:4)
  A worker ant zombie (D:4)
  2 adders (D:2)
  2 gnolls (D:4)
  5 worms
  5 leopard geckos
  4 orcs
  8 bats
  2 giant cockroaches
  4 goblins
  7 hobgoblins
  15 jackals
  A quokka (D:2)
  A ball python (D:2)
  4 frilled lizards
  9 kobolds
  4 rats
  A plant (D:4)
79 creatures vanquished.

Notes
Turn   | Place    | Note
-------+----------+-------------------------------------------
     0 | D:1      | JooJoo the Minotaur Fighter began the quest for the Orb.
     0 | D:1      | Reached XP level 1. HP: 19/19 MP: 0/0
   538 | D:1      | Reached XP level 2. HP: 27/27 MP: 1/1
  1141 | D:2      | Noticed Sigmund
  1150 | D:2      | Killed Sigmund
  1150 | D:2      | Reached XP level 3. HP: 34/34 MP: 2/2
  1150 | D:2      | Reached XP level 4. HP: 41/41 MP: 3/3
  1150 | D:2      | Reached XP level 5. HP: 47/47 MP: 4/4
  1170 | D:2      | Noticed Jessica
  1202 | D:2      | Killed Jessica
  1202 | D:2      | Reached skill level 1 in Dodging
  1535 | D:2      | Reached skill level 5 in Armour
  1535 | D:2      | Reached skill level 5 in Shields
  1834 | D:2      | Found a shadowy altar of Dithmenos.
  2137 | D:3      | Found a shimmering altar of Xom.
  2945 | D:4      | Reached XP level 6. HP: 53/53 MP: 5/5
  3327 | D:4      | Reached skill level 1 in Polearms
  3492 | D:4      | Found a hide-covered altar of Uskayaw.
  3601 | D:4      | Noticed a hand axe
  3601 | D:4      | Noticed a dagger
  3635 | D:4      | Reached skill level 1 in Long Blades
  3646 | D:4      | Noticed Blork the orc
  3647 | D:4      | Killed from afar by Blork the orc

Vault maps used:
D:1:      lordsloth_arrival_two_stooges
D:2:      grunt_dithmenos_smoke, uniq_sigmund, uniq_jessica
D:3:      xom_teletrap_fun, first_ration
D:4:      lemuel_castle_with_subvaults, dancing_weapons_uskayaw,
          minmay_temple_entry_from_below_a, uniq_blork_the_orc

Skill      XL: |  1  2  3  4  5  6 |
---------------+-------------------+-----
Shields        | 4 5 |  5.2
Armour         | 4 5 |  5.2
Fighting       | 4 |  4.9
Axes           | 3 |  3.8
Dodging        | 1 2 |  2.0
Polearms       | 1 |  1.0
Long Blades    | 1 |  1.1
Short Blades   | |  0.9
Throwing       | |  0.7

Action                   |  1- 3 |  4- 6 || total
-------------------------+-------+-------++-------
Melee: War axe           |    43 |       ||    43
       Headbutt          |     7 |    44 ||    51
       Dagger            |     6 |    18 ||    24
       Spear             |       |    83 ||    83
       Scimitar          |       |    67 ||    67
Throw: Stone             |       |   114 ||   114
  Use: Potion            |       |     1 ||     1
  Eat: Chunk             |     1 |     8 ||     9
Armor: Scale mail        |    29 |    99 ||   128
Dodge: Dodged            |    21 |    63 ||    84
Block: Shield            |    25 |    87 ||   112
       Large shield      |       |    99 ||    99
       Rpst.: Scimitar   |       |    11 ||    11

Table legend:
 A = Spawn XP
 B = Non-spawn XP
 C = Spawn XP percentage of total XP
 D = Spawn monster count
 E = Non-spawn monster count
 F = Spawn count percentage of total count
 G = Total turns spent on level
                    A         B        C        D         E        F      G
               +---------+---------+-------+---------+---------+-------+---------
         Total |       0 |     528 |   0.0 |       0 |      78 |   0.0 |  3647
               +---------+---------+-------+---------+---------+-------+---------
           D:1 |       0 |      20 |   0.0 |       0 |      11 |   0.0 |  1046
           D:2 |       0 |     321 |   0.0 |       0 |      32 |   0.0 |  1006
           D:3 |       0 |      35 |   0.0 |       0 |      14 |   0.0 |   777
           D:4 |       0 |     152 |   0.0 |       0 |      21 |   0.0 |   818
               +---------+---------+-------+---------+---------+-------+---------
